 Dungeon Crawl Stone Soup version 0.20.0-15-g7f486f2 (webtiles) character file.

125 miragecloak the Cudgeler (level 5, -4/41 HPs)
             Began as a Formicid Abyssal Knight on June 28, 2017.
             Was a Follower of Lugonu.
             Slain by an ogre
             ... wielding a +0 giant spiked club
              (12 damage)
             ... on level 4 of the Dungeon.
             The game lasted 00:04:24 (3047 turns).

miragecloak the Cudgeler (Formicid Abyssal Knight)  Turns: 3047, Time: 00:04:25

Health: -4/41      AC:  9    Str: 17    XL:     5   Next: 30%
Magic:  6/6        EV: 10    Int: 11    God:    Lugonu [*.....]
Gold:   154        SH:  0    Dex: 11    Spells: 4/4 levels left

rFire    + + .     SeeInvis +   a - +1 mace
rCold    . . .     Gourm    .   (no shield)
rNeg     . . .     Faith    .   p - +1 ring mail {rF+}
rPois    .         Spirit   .   (helmet unavailable)
rElec    .         Reflect  .   m - +0 cloak
rCorr    .         Harm     .   d - +0 pair of gloves
MR       .....                  i - +0 pair of boots
Stlth    +.........             (no amulet)
Regen    0.2/turn               e - ring of teleportation (curse)
MPRegen  0.1/turn               q - ring of protection from fire

@: no status effects
A: permanent stasis, dig shafts and tunnels, four strong arms, antennae 3
a: Dig, Shaft Self, Depart the Abyss, Renounce Religion


You were on level 4 of the Dungeon.
You worshipped Lugonu.
Lugonu was aware of your devotion.
You were not hungry.

You visited 1 branch of the dungeon, and saw 4 of its levels.
You visited the Abyss 1 time.

You collected 154 gold pieces.

Inventory:

Hand Weapons
 a - a +1 mace (weapon)
Armour
 d - a +0 pair of gloves (worn)
 i - a +0 pair of boots (worn)
 m - a +0 cloak (worn)
 p - a +1 ring mail of fire resistance (worn)
Jewellery
 e - a cursed ring of teleportation (left hand)
 q - a ring of protection from fire (right hand)
Scrolls
 b - 2 scrolls of recharging {unknown}
 g - a scroll of blinking {unknown}
 h - a scroll of fear {unknown}
 j - a scroll of magic mapping {unknown}
 l - a scroll of enchant weapon {unknown}
 n - a scroll of remove curse {unknown}
 s - 2 scrolls of random uselessness {unknown}
Potions
 f - 3 potions of curing
 o - a potion of flight {unknown}
 r - a potion of agility {unknown}
Comestibles
 c - a bread ration
 k - a royal jelly


   Skills:
 + Level 3.5 Fighting
 + Level 4.8 Maces & Flails
 - Level 2.1 Armour
 - Level 1.1 Dodging
 - Level 2.1 Invocations


You had 4 spell levels left.
You didn't know any spells.

Dungeon Overview and Level Annotations

Branches:
Dungeon (4/15)
 Temple: D:4-7

Altars:
Dithmenos
Elyvilon
Sif Muna
Trog

Annotations:
D:3 Paps's ghost, amateur TrBe


Innate Abilities, Weirdness & Mutations

You cannot be hasted, slowed, berserked, paralysed or teleported.
You can dig through walls and to a lower floor.
Your four strong arms can wield two-handed weapons with a shield.
You have a pair of large antennae on your head. (SInv)


Message History

t - a chunk of flesh You start waiting.
Eating a chunk of flesh.
You eat the chunk of flesh.
This raw flesh tastes terrible.
s - 2 scrolls labeled AMYUWN URRURR (gained 1)
You sense a monster nearby.
An ogre comes into view. It is wielding a giant spiked club.
An ogre is nearby!
An ogre is nearby!
The ogre hits you with a giant spiked club!
You hit the ogre.
The ogre is lightly wounded.
You sock the ogre!
The ogre is heavily wounded.
The ogre hits you with a giant spiked club!!
Ouch! That really hurt!
* * * LOW HITPOINT WARNING * * *
Found a bread ration.
The ogre hits you with a giant spiked club!
You die...

## ######. #
.%.....### ##.
##O@# ..# ###.###
### #.###..## ....
#....##
....####...(.##
#.........<...###
#.................
#.........######.#
#..........## #


You could see an ogre.

Vanquished Creatures
  An orc wizard (D:3)
  A worker ant (D:4)
  3 adders
  2 dart slugs
  A leopard gecko (D:3)
  8 orcs (D:3)
  7 goblins
  A hobgoblin (D:2)
  2 kobolds
  2 quokkas (D:2)
  4 bats
  2 frilled lizards (D:3)
  3 rats
37 creatures vanquished.

Notes
Turn   | Place    | Note
-------+----------+-------------------------------------------
     0 | Abyss:1  | miragecloak the Formicid Abyssal Knight began the quest for the Orb.
     0 | Abyss:1  | Reached XP level 1. HP: 18/18 MP: 2/2
    47 | Abyss:1  | Noticed a thrashing horror
    48 | Abyss:1  | Noticed a reaper
    48 | D:1      | Escaped the Abyss
   378 | D:1      | Reached * piety under Lugonu
   416 | D:1      | Reached XP level 2. HP: 24/24 MP: 3/3
   577 | D:2      | Found a white marble altar of Elyvilon.
   708 | D:2      | Reached skill level 3 in Maces & Flails
   916 | D:2      | Found a deep blue altar of Sif Muna.
   917 | D:2      | Found a bloodstained altar of Trog.
   917 | D:2      | Found a shadowy altar of Dithmenos.
  1169 | D:2      | Reached XP level 3. HP: 4/29 MP: 4/4
  1593 | D:3      | Noticed Paps's ghost (amateur TrBe)
  1912 | D:3      | Reached skill level 4 in Maces & Flails
  1912 | D:3      | Reached XP level 4. HP: 21/35 MP: 5/5
  2357 | D:3      | Reached skill level 1 in Dodging
  2362 | D:3      | Reached XP level 5. HP: 14/41 MP: 6/6
  3031 | D:4      | Noticed an ogre
  3047 | D:4      | Slain by an ogre

Skill      XL: |  1  2  3  4 |
---------------+-------------+-----
Maces & Flails | 3 4 |  4.8
Dodging        | 1 |  1.1
Fighting       | |  3.5
Armour         | |  2.1
Invocations    | |  2.1

Action                   |  1- 3 |  4- 6 || total
-------------------------+-------+-------++-------
Melee: Mace              |    56 |    54 ||   110
Invok: Depart the Abyss  |     1 |       ||     1
  Use: Potion            |     4 |       ||     4
  Eat: Chunk             |     2 |     5 ||     7
Armor: Leather armour    |     5 |    11 ||    16
       Ring mail         |       |     8 ||     8
Dodge: Dodged            |    46 |    32 ||    78
